 Dungeon Crawl Stone Soup version 0.24-a0-433-gbe6fa4f6cc (webtiles) character file.

Game seed: 11624666984425455563

154 Amnesiac the Charmwright (level 5, 0/38 HPs)
             Began as a Merfolk Skald on June 14, 2019.
             Was an Initiate of Gozag.
             Slain by an orc priest
             ... wielding a +0 hand axe
              (5 damage)
             ... on level 3 of the Dungeon.
             The game lasted 00:03:17 (2218 turns).

Amnesiac the Charmwright (Merfolk Skald)            Turns: 2218, Time: 00:03:18

Health: 0/38       AC:  3    Str: 11    XL:     5   Next: 35%
Magic:  7/8        EV: 12    Int: 13    God:    Gozag
Gold:   292        SH:  0    Dex: 14    Spells: 4/8 levels left

rFire    . . .     SeeInvis .   l - +0 scythe
rCold    . . .     Gourm    .   (shield currently unavailable)
rNeg     . . .     Faith    .   b - +0 leather armour
rPois    .         Spirit   .   (no helmet)
rElec    .         Reflect  .   (no cloak)
rCorr    .         Harm     .   (no gloves)
MR       .....                  (no boots)
Stlth    +.........             (no amulet)
HPRegen  0.12/turn              (no ring)
MPRegen  0.11/turn              (no ring)

@: gold aura, hasted, very quick
A: change form in water, swift swim, stealthy swim
a: Potion Petition, Call Merchant, Bribe Branch, Renounce Religion


You were on level 3 of the Dungeon.
You worshipped Gozag.
Gozag was aware of your devotion.
You were hungry.

You visited 1 branch of the dungeon, and saw 3 of its levels.

You collected 323 gold pieces.
You paid 31 gold pieces to Gozag.

Inventory:

Hand Weapons
 a - a +0 spear
 l - a +0 scythe (weapon)
Armour
 b - a +0 leather armour (worn)
 g - a +0 helmet
Wands
 k - a wand of digging (7)
Scrolls
 c - 2 scrolls of identify {!r, unknown}
 d - a scroll of amnesia {!r, unknown}
 h - a scroll of enchant armour {!r, unknown}
 j - 2 scrolls of teleportation {!r, unknown}
Potions
 f - a potion of flight {!q, unknown}
 i - a potion of agility {!q, unknown}


   Skills:
 - Level 2.1 Fighting
 - Level 3.0 Polearms
 - Level 0.6 Armour
 - Level 2.6 Dodging
 - Level 2.0 Spellcasting
 + Level 2.6 Hexes
 + Level 5.6 Charms


You had 4 spell levels left.
You knew the following spells:

 Your Spells              Type           Power        Failure   Level  Hunger
a - Infusion              Chrm           ###.         3%          1    ##.....
e - Spectral Weapon       Hex/Chrm       ##......     19%         3    ####...

Your spell library contained the following spells:

 Spells                   Type           Power        Failure   Level  Hunger
 Song of Slaying          Chrm           ###.....     4%          2    ###....
 Shroud of Golubria       Chrm/Tloc      #.....       16%         2    ###....
 Regeneration             Chrm/Necr      #.........   32%         3    ####...


Dungeon Overview and Level Annotations

Branches:
Dungeon (3/15)

Altars:
Gozag
Hepliaklqana


Message History

You reach to attack!
You slash the orc!
You kill the orc!
No target in view!
No target in view!
You now have 285 gold pieces (gained 8).
You see here a +0 club.
An orc and an orc priest come into view.
The orc priest shouts!
The orc shouts!
There are monsters nearby!
Casting: Infusion (safe; 3% risk of failure)
Confirm with . or Enter, or press ? or * to list all spells.
You draw out your weapon's spirit!
Attack whom?
Press: ? - help, Dir - move target cursor, f - orc
Aim: an orc, wielding a +0 whip and wearing a +0 scale mail You reach to attack!
You hit the orc.
The orc is moderately wounded.
The orc closely misses you.
You slash the orc!
You kill the orc!
You barely miss the orc priest.
The orc priest hits you with a cursed -1 mace. x2
* * * LOW HITPOINT WARNING * * *
You barely miss the orc priest.
The orc priest is moderately wounded.
You are feeling hungry.
You kill the orc priest!
No target in view!
An orc priest comes into view. It is wielding a +0 hand axe.
The orc priest moves out of view.
You now have 292 gold pieces (gained 7).
Items here: )) [[ a cursed -1 mace; a cursed +0 leather armour; a +0 whip; a +0 scale mail An orc comes into view.
It is wielding a +1 short sword of electrocution.
The orc moves out of view.
Things that are here:
6 gold pieces; a +0 club; a cursed -2 scale mail You swap places.
Items here: )) [[ a cursed -1 mace; a cursed +0 leather armour; a +0 whip; a +0 scale mail Attack whom?
Press: ? - help, Dir - move target cursor, f - orc
Aim: an orc, wielding a +1 short sword of electrocution and wearing a +0 leather armour You reach to attack!
You barely miss the orc. The orc hits you but does no damage.
You are electrocuted!
* * * LOW HITPOINT WARNING * * *
You are too injured to fight recklessly!
You hit the orc.
The orc is severely wounded.
You kill the orc!
You aren't carrying any food.
Unknown command.
Really quaff
e - a smoky ruby potion {!q}?
It was a potion of haste {!q}.
You feel yourself speed up.
Things that are here:
5 gold pieces; a +1 short sword of electrocution; a +0 leather armour Attack whom?
Press: ? - help, Dir - move target cursor, f - orc priest
Aim: an orc priest, wielding a +0 hand axe You barely miss the orc priest.
The orc priest hits you with a +0 hand axe.
You die...
Your body crumbles into a pile of gold.

.. ##........# $ .. .........##
....... ........... . .........
.....o...... ..........
##........... ...
..........##........... ........
...........#.........## #......#.
..............$###....# #......#.
...........#...)@o....###......#.
..(...... #..)(.................
......######.....................
......#..........................
......#..........................
#...###...........###..........)#
...## #.......##### #...........#
#### #.......# #...........#
#######.......#######..........)#


You could see an orc priest and a friendly spectral +0 scythe.

Vanquished Creatures
  An orc priest (D:3)
  6 adders
  3 worms
  A dart slug (D:2)
  2 leopard geckos (D:2)
  5 orcs (D:3)
  2 giant cockroaches (D:2)
  5 hobgoblins
  4 jackals (D:1)
  2 quokkas
  A ball python (D:2)
  5 bats
  2 frilled lizards (D:2)
  3 goblins
  12 kobolds
  6 rats
60 creatures vanquished.

Notes
Turn   | Place    | Note
-------+----------+-------------------------------------------
     0 | D:1      | Amnesiac the Merfolk Skald began the quest for the Orb.
     0 | D:1      | Reached XP level 1. HP: 16/16 MP: 3/3
   197 | D:1      | Reached XP level 2. HP: 13/22 MP: 0/5
   380 | D:1      | Reached skill level 4 in Charms
   948 | D:2      | Reached XP level 3. HP: 27/27 MP: 1/6
   957 | D:2      | Learned a level 3 spell: Spectral Weapon
  1071 | D:2      | Found an opulent altar of Gozag.
  1088 | D:2      | Became a worshipper of Gozag Ym Sagoz the Greedy
  1281 | D:2      | Reached skill level 1 in Hexes
  1416 | D:2      | Reached XP level 4. HP: 33/33 MP: 7/7
  1497 | D:2      | Reached skill level 5 in Charms
  2106 | D:3      | Found a hazy altar of Hepliaklqana.
  2161 | D:3      | Reached XP level 5. HP: 29/38 MP: 5/8
  2218 | D:3      | Slain by an orc priest

Levels and vault maps discovered:
D:1:      nicolae_arrival_memento_mori, layout_loops_ring,
          hangedman_decor_points, minmay_tripent
D:2:      layout_loops_cross, grunt_gozag_statues
D:3:      layout_basic, grunt_temple_overflow_diamond, lemuel_crystal_altar,
          uniq_robin

Skill      XL: |  1  2  3  4 |
---------------+-------------+-----
Charms         | 4 5 |  5.6
Hexes          | 1 2 |  2.6
Fighting       | |  2.1
Polearms       | |  3.0
Armour         | |  0.6
Dodging        | |  2.6
Spellcasting   | |  2.0

Action                   |  1- 3 |  4- 6 || total
-------------------------+-------+-------++-------
Melee: Spear             |   145 |    80 ||   225
       Scythe            |       |    16 ||    16
 Cast: Infusion          |     8 |     5 ||    13
       Spectral Weapon   |       |     1 ||     1
  Use: Potion            |       |     1 ||     1
 Stab: Sleeping          |     2 |     2 ||     4
  Eat: Chunk             |     1 |       ||     1
       Ration            |       |     1 ||     1
Armor: Leather armour    |    38 |    19 ||    57
Dodge: Dodged            |    75 |    37 ||   112

Table legend:
 A = Non-vault XP
 B = Vault XP
 C = Vault XP percentage of total XP
 D = Non-vault monster count
 E = Vault monster count
 F = Vault count percentage of total count
                 A         B        C        D         E       F
            +---------+---------+-------+---------+---------+-------
      Total |     218 |       2 |   0.9 |      58 |       2 |   3.3
            +---------+---------+-------+---------+---------+-------
        D:1 |      21 |       2 |   8.7 |      13 |       2 |  13.3
        D:2 |      68 |       0 |   0.0 |      25 |       0 |   0.0
        D:3 |     129 |       0 |   0.0 |      20 |       0 |   0.0
            +---------+---------+-------+---------+---------+-------
